 Dungeon Crawl Stone Soup version 0.16.1-30-g34a7ffa (webtiles) character file.

35 Noboking the Sneak (level 3, -5/29 HPs)
             Began as a Ghoul Assassin on June 28, 2015.
             Killed by divine providence
             ... invoked by an orc priest
              (10 damage)
             ... on level 3 of the Dungeon.
             The game lasted 00:03:37 (1209 turns).

Noboking the Sneak (Ghoul Assassin)                 Turns: 1209, Time: 00:03:37

Health: -5/29      AC:  3    Str: 14    XL:     3   Next: 33%
Magic:  3/3        EV: 11    Int:  6    God:
Gold:   66         SH:  0    Dex: 11    Spells: 0 memorised, 2 levels left

rFire  . . .     SeeInvis .     a - +2 dagger
rCold  + . .     Clarity  .     c - +0 robe
rNeg   + + +     SustAb   .     (no shield)
rPois  ∞         Gourm    .     (no helmet)
rElec  .         Spirit   .     d - +0 cloak
rCorr  .         Warding  .     (no gloves)
rMut   .         Stasis   .     (no boots)
MR     .....                    (no amulet)
Stlth  +++.......               (no ring)
                                (no ring)

@: rotting, not resistant to hostile enchantments, fairly stealthy
A: rotting body, claws 1, carnivore 3, cold resistance 1, negative energy
resistance 3, poison resistance, slow healing 1, torment resistance, unbreathing
a: no special abilities


You were on level 3 of the Dungeon.
You were not hungry.

You visited 1 branch of the dungeon, and saw 3 of its levels.

You collected 66 gold pieces.

Inventory:

Hand weapons
 a - a +2 dagger (weapon)
 b - a +0 blowgun
Missiles
 e - 8 poisoned needles
 f - 2 curare-tipped needles
 j - 28 arrows
 o - 25 sling bullets
Armour
 c - a +0 robe (worn)
 d - a +0 cloak (worn)
 i - a +0 helmet
 p - a +0 ring mail
Scrolls
 h - a scroll of remove curse
 k - a scroll of enchant armour {unknown}
 l - a scroll of teleportation {unknown}
 m - a scroll of acquirement {unknown}
 n - a scroll of amnesia {unknown}
Potions
 g - 2 potions of haste {unknown}
 q - a potion of degeneration {unknown}


   Skills:
 + Level 2.1 Fighting
 * Level 1.8 Short Blades
 + Level 1.9 Throwing
 + Level 1.1 Dodging
 * Level 5.5 Stealth
 * Level 0.2 Unarmed Combat


You had 2 spell levels left.
You didn't know any spells.

Dungeon Overview and Level Annotations

Branches:
Dungeon (3/15)

Altars:


Innate Abilities, Weirdness & Mutations

Your body is rotting away.
You thrive on raw meat.
You have sharp fingernails.
You are carnivorous and can eat meat at any time.
Your flesh is cold resistant.
You are immune to negative energy.
Your system is resistant to poisons.
You heal slowly when monsters are visible.
You are immune to unholy pain and torment.
You can survive without breathing.


Message History

You feel blessed for a moment.
It was a scroll of remove curse.
The adder barely misses you. The adder bites you but does no damage.
The adder bites you.
* * * LOW HITPOINT WARNING * * *
The adder closely misses you.
An orc comes into view. It is wielding a hand axe.
An orc priest comes into view.
The orc shouts! 2 orcs come into view.
An orc priest comes into view. It is wielding a mace.
The adder completely misses you.
A giant newt comes into view.
The adder bites you.
* * * LOW HITPOINT WARNING * * *
The adder closely misses you.
The orc priest shouts!
The adder closely misses you.
The orc priest calls down the wrath of Beogh upon you.
Something smites you!
You die...

.... ..)... . .............
.. #............
....#............
.....#...###....#
..........##....########
..........##...........#
#.............[.........##.
#.....##.......@..<........
#........S..........###
#.##................#
#.#.....#...o########
#.......#.........
#..$..............
#.......###.o.....
#............oo..
#........##......


You could see 2 orc priests, an adder and 2 orcs.

Vanquished Creatures
  3 bats (D:1)
  2 giant cockroaches (D:1)
  6 goblins
  3 hobgoblins (D:1)
  6 kobolds
  3 giant geckos
  2 giant newts (D:1)
  9 rats
34 creatures vanquished.

Notes
Turn   | Place    | Note
--------------------------------------------------------------
     0 | D:1      | Noboking, the Ghoul Assassin, began the quest for the Orb.
     0 | D:1      | Reached XP level 1. HP: 17/17 MP: 1/1
   127 | D:1      | Reached XP level 2. HP: 22/24 MP: 2/2
   160 | D:1      | Reached skill level 5 in Stealth
   378 | D:1      | Reached skill level 1 in Dodging
   674 | D:1      | Reached XP level 3. HP: 24/28 MP: 3/3
  1209 | D:3      | Killed from afar by an orc priest

Action                   || total
-------------------------++-------
Melee: Dagger            ||   101
  Use: Scroll            ||     1
 Stab: Sleeping          ||     5
  Eat: Chunk             ||     1
